 Dungeon Crawl Stone Soup version 0.21.1-1-g345015f (webtiles) character file.

3651 vatarom the Protected (level 10, -16/77 HPs)
             Began as a Formicid Chaos Knight on Mar 26, 2018.
             Demolished by a very large slime creature (52 damage)
             ... on level 9 of the Dungeon.
             The game lasted 00:16:11 (9126 turns).

vatarom the Protected (Formicid Chaos Knight)       Turns: 9126, Time: 00:16:12

Health: -16/77     AC: 13    Str: 24      XL:     10   Next: 33%
Magic:  10/10      EV: 11    Int:  9 (11) God:    Xom [*.....]
Gold:   361        SH: 10    Dex:  9 (11) Spells: 9/9 levels left

rFire    + . .     SeeInvis +   o - +0 war axe
rCold    . . .     Gourm    .   x - +0 shield
rNeg     . . .     Faith    .   n - +1 scale mail
rPois    +         Spirit   .   (helmet unavailable)
rElec    .         Reflect  .   a - +2 cloak {rPois}
rCorr    +         Harm     .   (no gloves)
MR       +....     Clarity  +   w - +0 pair of boots
Stlth    ..........             (no amulet)
HPRegen  0.62/turn              p - ring of flight
MPRegen  0.12/turn              f - ring of resist corrosion

@: no status effects
A: permanent stasis, dig shafts and tunnels, four strong arms, antennae 3, slimy
green scales 1, clarity, deformed body, deterioration 1, fire resistance 1,
regeneration 1, strong 2
a: Dig, Shaft Self, Renounce Religion, Evoke Flight


You were on level 9 of the Dungeon.
You worshipped Xom.
You were a special plaything of Xom.
You were not hungry.

You visited 2 branches of the dungeon, and saw 10 of its levels.
You also visited: Sewer.

You collected 406 gold pieces.
You spent 45 gold pieces at shops.

Inventory:

Hand Weapons
 o - a +0 war axe (weapon)
Missiles
 h - 28 sling bullets
Armour
 a - a +2 cloak of poison resistance (worn)
 g - a scarf of repulsion
 n - a +1 scale mail (worn)
 w - a +0 pair of boots (worn)
 x - a +0 shield (worn)
Jewellery
 f - a ring of resist corrosion (right hand)
 p - a ring of flight (left hand)
 y - an uncursed amulet of magic regeneration {unknown}
Wands
 v - a wand of enslavement (20)
 A - a wand of random effects (17)
Scrolls
 b - 4 scrolls of remove curse
 d - a scroll of amnesia
 e - 2 scrolls of enchant weapon
 m - a scroll of immolation
 r - a scroll of enchant armour
 C - a scroll of identify
Potions
 i - a potion of invisibility
 j - a potion of lignification {unknown}
 k - 2 potions of magic {unknown}
 l - a potion of brilliance
 q - 4 potions of curing
 s - 2 potions of flight
 t - a potion of mutation {unknown}
 u - a potion of resistance {unknown}
 z - a potion of might {unknown}
 B - a potion of haste {unknown}
 D - 2 potions of ambrosia {unknown}
 E - a potion of heal wounds
Comestibles
 c - 8 rations


   Skills:
 + Level 6.6 Fighting
 * Level 8.1 Axes
 * Level 8.5 Armour
 + Level 4.7 Dodging
 * Level 6.7 Shields


You had 9 spell levels left.
You didn't know any spells.

Dungeon Overview and Level Annotations

Branches:
Dungeon (9/15)             Temple (1/1) D:6            Lair (0/6) D:8
    Orc: D:9-12

Altars:
Ashenzari
Cheibriados
Dithmenos
Elyvilon
Fedhas
Gozag
Hepliaklqana
Kikubaaqudgha
Makhleb
Nemelex Xobeh
Okawaru
Qazlal
Ru
Sif Muna
Trog
Uskayaw
Vehumet
Wu Jian
Xom
Yredelemnul
Zin
The Shining One

Shops:
D:4 [[[*

Annotations:
D:8 exclusion: oklob plant


Innate Abilities, Weirdness & Mutations

You cannot be hasted, slowed, berserked, paralysed or teleported.
You can dig through walls and to a lower floor.
Your four strong arms can wield two-handed weapons with a shield.
You have a pair of large antennae on your head. (SInv)
You are partially covered in slimy green scales. (AC +2)
You possess an exceptional clarity of mind.
Armour fits poorly on your strangely shaped body.
Your body sometimes deteriorates upon taking damage.
Your flesh is heat resistant. (rF+)
Your natural rate of healing is unusually fast.
Your muscles are very strong. (Str +4)


Message History

The iguana misses you.
You hit the iguana.
The iguana is moderately wounded.
You block the iguana's attack.
You barely miss the iguana.
The iguana is moderately wounded.
Your shield and scale mail prevent you from hitting the very large slime creature.
The very large slime creature hits you! You block the iguana's attack.
You hit the iguana but do no damage.
The iguana is moderately wounded.
You hit the very large slime creature.
You block the very large slime creature's attack.
The iguana bites you but does no damage.
You barely miss the iguana.
The iguana is moderately wounded.
You barely miss the very large slime creature.
The very large slime creature hits you!!!
Ouch! That really hurt!
You die...
Xom bursts into laughter!

..######...............
.........######[######
######.># #.# #..# #.#
#######..# #.#
........## #.#
#######F# #<### #J#
#...# #@# ###.# #l# #.#
#.# #.# #.# #.#
....#######.#
#...........#
....####.#### ###. #


You could see a very large slime creature, a bullfrog and an iguana.

Vanquished Creatures
  A two-headed ogre (D:8)
  Prince Ribbit (D:6)
  An ice beast (D:5)
  A hornet zombie (D:8)
  2 phantoms (D:6)
  3 black bears
  2 ogres
  3 centaurs
  A big kobold (Sewer)
  2 bullfrogs (D:6)
  A water moccasin zombie (D:8)
  A water moccasin skeleton (D:8)
  5 wights (D:6)
  A howler monkey (D:4)
  2 crimson imps
  A bullfrog zombie (D:8)
  A centaur skeleton (D:5)
  2 hounds
  A jelly (D:6)
  2 bullfrog skeletons
  An orc priest (D:5)
  Jessica (D:2)
  2 iguanas
  6 worker ants
  A hound zombie (D:6)
  A river rat (Sewer)
  An adder (shapeshifter) (D:7)
  8 adders
  3 shadow imps
  An adder zombie (D:7)
  An adder skeleton (D:4)
  A worm (D:4)
  7 dart slugs
  4 leopard geckos
  18 orcs
  4 ball pythons
  6 bats (D:1)
  4 giant cockroaches
  7 goblins
  5 hobgoblins
  13 jackals
  3 quokkas
  6 frilled lizards
  A jackal skeleton (D:7)
  10 kobolds
  2 quokka skeletons
  11 rats
162 creatures vanquished.

Vanquished Creatures (collateral kills)
  The ghost of budo the Thaumaturge, a novice DEFE of Vehumet (D:7)
  A sky beast (D:7)
  A bullfrog (D:7)
  3 wights (D:7)
  A hound (D:5)
  A shadow imp (D:3)
  A jackal (D:5)
9 creatures vanquished.

Vanquished Creatures (others)
  A worker ant (D:3)
  A worm (D:5)
2 creatures vanquished.

Grand Total: 173 creatures vanquished

Notes
Turn   | Place    | Note
-------+----------+-------------------------------------------
     0 | D:1      | vatarom the Formicid Chaos Knight began the quest for the Orb.
     0 | D:1      | Reached XP level 1. HP: 18/18 MP: 1/1
    48 | D:1      | Reached skill level 1 in Dodging
    63 | D:1      | Reached XP level 2. HP: 22/24 MP: 2/2
   106 | D:1      | XOM: harmless Necr miscast
   148 | D:1      | XOM: harmless Hex miscast
   324 | D:1      | Reached XP level 3. HP: 27/29 MP: 3/3
   528 | D:1      | XOM: harmless Conj miscast
   826 | D:2      | XOM: silly message
  1042 | D:2      | Noticed Jessica
  1052 | D:2      | Killed Jessica
  1052 | D:2      | Reached XP level 4. HP: 37/37 MP: 4/4
  1367 | D:2      | XOM: divination: magic mapping
  1493 | D:2      | You fall through a shaft for 2 floors!
  1493 | D:4      | XOM: stealth player
  1495 | D:4      | Found Buenejae's Antique Armour Emporium.
  1513 | D:4      | Found Mevotsed's Armour Shop.
  1554 | D:4      | XOM: potion effect (agility)
  1555 | D:4      | Found Genice's Antique Armour Emporium.
  1760 | D:4      | Reached XP level 5. HP: 31/42 MP: 5/5
  1982 | D:4      | XOM: harmless Fire miscast
  1995 | D:4      | XOM: harmless Tloc miscast
  2164 | D:4      | XOM: god gift: 8 gold pieces
  2362 | D:3      | XOM: stealth player
  2415 | D:3      | XOM: polymorph ooze -> worker ant
  2421 | D:3      | XOM: divine lightning
  2586 | D:3      | Reached XP level 6. HP: 45/48 MP: 6/6
  3002 | D:2      | Found a radiant altar of Vehumet.
  3033 | D:2      | XOM: mild Erth miscast
  3556 | D:4      | Found Muell's General Store.
  3678 | D:5      | Entered Level 5 of the Dungeon
  3898 | D:5      | Reached XP level 7. HP: 55/55 MP: 7/7
  3906 | D:5      | Reached skill level 5 in Axes
  3906 | D:5      | Reached skill level 5 in Armour
  3912 | D:5      | XOM: enchant monster (good)
  3919 | D:5      | Found an iron altar of Okawaru.
  3931 | D:5      | XOM: god gift: 19 sling bullets
  4097 | D:5      | XOM: enchant monster (good)
  4330 | D:5      | XOM: harmless Ice miscast
  4393 | D:5      | Reached XP level 8. HP: 36/61 MP: 8/8
  4657 | D:4      | Bought a +0 shield for 45 gold pieces
  4760 | D:5      | Reached skill level 5 in Fighting
  4803 | D:5      | Found a burning altar of Makhleb.
  4806 | D:5      | Found an ancient bone altar of Kikubaaqudgha.
  4809 | D:5      | Found a glowing silver altar of Zin.
  4916 | D:6      | XOM: summons 2 friendly demons
  4929 | D:6      | Reached skill level 1 in Shields
  4967 | D:6      | Found a glowing drain.
  4991 | Sewer    | Entered a sewer
  5051 | Sewer    | XOM: summons friendly quasit
  5088 | Sewer    | Found a glowing silver altar of Zin.
  5203 | D:6      | XOM: harmless Tloc miscast
  5218 | D:6      | XOM: polymorph adder -> dart slug
  5239 | D:6      | Found a staircase to the Ecumenical Temple.
  5239 | D:6      | XOM: god gift: 56 gold pieces
  5272 | D:6      | XOM: summons friendly iron imp
  5308 | Temple   | Entered the Ecumenical Temple
  5636 | D:6      | Reached XP level 9. HP: 68/68 MP: 9/9
  5648 | D:6      | Noticed Prince Ribbit
  5650 | D:6      | XOM: mild Hex miscast
  5661 | D:6      | Killed Prince Ribbit
  5943 | D:6      | XOM: cast spell 'Summon Small Mammal'
  6081 | D:6      | XOM: cloud trail
  6335 | D:7      | XOM: summons 2 friendly demons
  6495 | D:7      | XOM: harmless Conj miscast
  6566 | D:7      | XOM: give mutations
  6566 | D:7      | Gained mutation: You evolve. [Xom's grace]
  6566 | D:7      | Gained mutation: You possess an exceptional clarity of mind. [Xom's grace]
  6566 | D:7      | Gained mutation: Your muscles are strong. (Str +2) [Xom's grace]
  6618 | D:7      | Reached skill level 5 in Shields
  6735 | D:7      | XOM: give mutations
  6735 | D:7      | Lost mutation: You evolve. [Xom's mischief]
  6735 | D:7      | Gained mutation: Your body sometimes deteriorates upon taking damage. [Xom's mischief]
  6752 | D:7      | XOM: give mutations
  6752 | D:7      | Gained mutation: Your flesh is heat resistant. (rF+) [Xom's grace]
  6752 | D:7      | Gained mutation: You are partially covered in slimy green scales. (AC +2) [Xom's grace]
  6993 | D:7      | Noticed budo's ghost (novice DEFE)
  7001 | D:7      | XOM: enchant monster (good)
  7016 | D:7      | Killed budo's ghost
  7036 | D:7      | Found a snail-covered altar of Cheibriados.
  7037 | D:7      | Found a hazy altar of Hepliaklqana.
  7168 | D:8      | XOM: scenery: create altars
  7398 | D:8      | Reached XP level 10. HP: 41/76 MP: 10/10
  7424 | D:8      | XOM: god gift: 9 sling bullets
  7562 | D:8      | Noticed a two-headed ogre
  7562 | D:8      | XOM: confuse monster(s)
  7567 | D:8      | XOM: fake destruction
  7592 | D:8      | Killed a two-headed ogre
  7677 | D:8      | XOM: summons 2 hostile demons
  8031 | D:8      | XOM: god gift: scroll labeled MIOSAT MOIDIRHO {god gift}
  8081 | D:5      | XOM: give mutation
  8081 | D:5      | Gained mutation: Armour fits poorly on your strangely shaped body. [Xom's mischief]
  8167 | D:6      | XOM: god gift: 11 gold pieces
  8178 | D:6      | XOM: god gift: embroidered cloak {god gift}
  8428 | D:8      | XOM: give mutations
  8428 | D:8      | Gained mutation: Your muscles are very strong. (Str +4) [Xom's grace]
  8428 | D:8      | Gained mutation: Your natural rate of healing is unusually fast. [Xom's grace]
  8496 | D:8      | Found a blossoming altar of Fedhas.
  8514 | D:8      | Noticed an oklob plant
  8632 | D:8      | Found a staircase to the Lair.
  9126 | D:9      | Demolished by a very large slime creature

Skill      XL: |  1  2  3  4  5  6  7  8  9 10 |
---------------+-------------------------------+-----
Dodging        | 1 2 3 4 |  4.7
Armour         | 3 4 5 6 7 8 |  8.5
Axes           | 4 5 6 7 8 |  8.1
Fighting       | 4 5 6 |  6.6
Shields        | 3 5 6 |  6.7

Action                   |  1- 3 |  4- 6 |  7- 9 | 10-12 || total
-------------------------+-------+-------+-------+-------++-------
Melee: Hand axe          |    76 |   191 |   377 |    24 ||   668
       War axe           |       |       |       |    45 ||    45
Evoke: Wand              |       |       |     1 |       ||     1
  Use: Scroll            |     1 |     6 |     8 |     2 ||    17
       Potion            |       |       |    11 |       ||    11
 Stab: Paralysed         |       |     3 |    11 |       ||    14
       Confused          |       |     2 |     2 |     3 ||     7
       Petrified         |       |       |     2 |     2 ||     4
       Petrifying        |       |       |     3 |       ||     3
       Distracted        |       |       |     1 |       ||     1
       Invisible         |       |       |     2 |       ||     2
  Eat: Ration            |       |     3 |     3 |     1 ||     7
       Chunk             |       |       |     3 |       ||     3
Armor: Leather armour    |    40 |       |       |       ||    40
       Scale mail        |     5 |    71 |   154 |    22 ||   252
Dodge: Dodged            |    59 |    96 |   222 |    23 ||   400
       Deflected         |       |     2 |     8 |       ||    10
Block: Shield            |       |       |       |    21 ||    21
